 Dungeon Crawl Stone Soup version 0.27-a0-1365-ge71e8f7681 (webtiles) character file.

Game seed: 12637128308309942046

504 Ijustatesigmund the Chopper (level 7, -4/49 HPs)
             Began as an Octopode Fighter on June 28, 2021.
             Slain by a sky beast (6 damage)
             ... on level 5 of the Dungeon.
             The game lasted 00:07:35 (3874 turns).

Ijustatesigmund the Chopper (Octopode Fighter)      Turns: 3874, Time: 00:07:36

Health: -4/49      AC:  5    Str: 16    XL:     7   Next: 17%
Magic:  7/7        EV: 16    Int: 13    God:
Gold:   165        SH:  9    Dex: 13    Spells: 5/6 levels left

rFire    . . .     SeeInvis .   l - +6 war axe "Killer Klown's Death" {venom, +Rage Int+3}
rCold    + . .     Faith    .   b - +0 kite shield
rNeg     . . .     Spirit   .   (helmet restricted)
rPois    .         Reflect  .   (no amulet)
rElec    .         Harm     .   d - +4 ring of evasion
rCorr    .         Rampage  .   g - +4 ring of protection
Will     .....                  j - ring of protection from cold
Stlth    ++........             (no ring)
HPRegen  0.16/turn              (no ring)
MPRegen  0.10/turn              (no ring)
                                (no ring)
                                (no ring)

@: attractive
A: almost no armour, amphibious, 8 rings, camouflage 1, gelatinous body 1,
(nimble swimmer 1), tentacles
a: Evoke Berserk Rage


You were on level 5 of the Dungeon.
You visited 1 branch of the dungeon, and saw 5 of its levels.

You collected 918 gold pieces.
You spent 753 gold pieces at shops.

Inventory:

Hand Weapons
 a - a +1 war axe
 l - the +6 war axe "Killer Klown's Death" (weapon) {venom, +Rage Int+3}
   (You found it on level 4 of the Dungeon)

   It poisons the flesh of those it strikes.
   Int:       It affects your intelligence (+3).
   +Rage:     It lets you go berserk.
Armour
 b - a +0 kite shield (worn)
Jewellery
 d - a +4 ring of evasion (left tentacle)
 g - a +4 ring of protection (right tentacle)
 h - a ring of fire
 j - a ring of protection from cold (on tentacle)
Scrolls
 k - a scroll of immolation
 m - a scroll of blinking
Potions
 c - a potion of mutation
 f - a potion of resistance
 i - a potion of might


   Skills:
 + Level 4.3 Fighting
 * Level 5.0 Axes
 + Level 4.4 Dodging
 + Level 4.3 Shields


You had 5 spell levels left.
You knew the following spells:

 Your Spells              Type           Power      Damage    Failure   Level
a - Magic Dart            Conj           0%         1d3       77%         1

Your spell library contained the following spells:

 Spells                   Type           Power      Damage    Failure   Level
 Searing Ray              Conj           0%         3d3       88%         2
 Dazzling Flash           Conj/Hex       0%         N/A       98%         3
 Fulminant Prism          Conj/Hex       0%         3d6       100%        4
 Iskenderun's Mystic Bla  Conj/Tloc      0%         2d3       100%        4


Dungeon Overview and Level Annotations

Branches:
Dungeon (5/15)
 Temple: D:4-7

Altars:

Shops:
D:1 =   D:4 ?

Annotations:
D:4 Menkaure


Innate Abilities, Weirdness & Mutations

You cannot wear most types of armour.
You are amphibious.
You can wear up to eight rings at the same time.
Your skin changes colour to match your surroundings (Stealth+).
Your rubbery body absorbs attacks. (AC +1, EV +1)
((You are camouflaged near water. (Stealth+)))
You have tentacles for arms and can constrict up to eight enemies at once.


Message History

No target in view!
A sky beast is nearby!
An ogre comes into view. It is wielding a +0 giant spiked club.
Found a jewelled lead wand.
You hit the sky beast.
The sky beast is lightly wounded.
The sky beast flickers out of sight!
Deactivating autopickup; reactivate with Ctrl-A.
Something hits you. Something shocks you. Something hits you.
Something shocks you. Something hits you but does no damage.
The ogre shouts!
The ogre barely misses you.
You slash the ogre!
The ogre is heavily wounded.
You miss something. Something hits you. Something shocks you.
You block the ogre's attack. Something hits you but does no damage.
You are too injured to fight recklessly!
You slash the ogre!
The ogre is poisoned.
Your squeeze misses the ogre.
The ogre is almost dead.
You barely miss something.
The ogre hits you with a +0 giant spiked club!
* * * LOW HITPOINT WARNING * * *
You block something's attack.
You slash the ogre!
You kill the ogre!
You barely miss something. Something hits you but does no damage.
Your Axes skill increases to level 5!
You have reached level 7!
Your shield prevents you from hitting something.
You squeeze something. Something barely misses you. Something hits you.
* * * LOW HITPOINT WARNING * * *
Something shocks you.
* * * LOW HITPOINT WARNING * * *
It was a potion of attraction.
You feel attractive to monsters. Something hits you.
* * * LOW HITPOINT WARNING * * *
Something shocks you.
You die...

..###....# #.......#
#....# #.......#
#.[..######.......##
##...†...............
......................
......####....#..:.###
...... #.##.#....#
...... ..(##.#.{..#
#..... ###.##.#.@..#
#.).. #.##.#.)..#
#.##.#....#
#.##.#/.....
#.#....### #.####.#
#.# .# #.##.# .#
#.##.#


There were no monsters in sight!

Vanquished Creatures
  An ogre (D:5)
  A phantom (D:3)
  2 scorpions
  A jelly (D:1)
  A centaur skeleton (D:4)
  2 orc priests (D:4)
  A gnoll (D:1)
  2 adders
  A shadow imp (D:4)
  A worm (D:2)
  2 dart slugs (D:2)
  An orc (D:4)
  5 bats
  8 endoplasms
  2 giant cockroaches (D:1)
  8 goblins
  3 hobgoblins
  7 jackals (D:1)
  A quokka (D:2)
  4 ball pythons
  3 frilled lizards
  6 kobolds
  11 rats
74 creatures vanquished.

Notes
Turn   | Place    | Note
-------+----------+-------------------------------------------
     0 | D:1      | Ijustatesigmund the Octopode Fighter began the quest for
                  | the Orb.
     0 | D:1      | Reached XP level 1. HP: 16/16 MP: 1/1
     1 | D:1      | Found a runed translucent door.
     4 | D:1      | Noticed a jelly
    16 | D:1      | Reached XP level 2. HP: 17/21 MP: 2/2
    21 | D:1      | Reached XP level 3. HP: 5/26 MP: 3/3
   471 | D:1      | Reached skill level 3 in Axes
   630 | D:1      | Found Tadea's Jewellery Shoppe.
   651 | D:1      | Reached XP level 4. HP: 31/31 MP: 4/4
   657 | D:1      | Learned a level 1 spell: Magic Dart
  2018 | D:3      | Noticed a phantom
  2042 | D:3      | Killed a phantom
  2043 | D:3      | Reached XP level 5. HP: 9/37 MP: 5/5
  2446 | D:3      | Found a faded altar of an unknown god.
  2447 | D:3      | Noticed a golden eye
  2449 | D:3      | Noticed a great orb of eyes
  2453 | D:3      | Noticed a great orb of eyes
  2453 | D:3      | Noticed a floating eye
  2704 | D:3      | Identified a scroll of acquirement
  2704 | D:3      | Acquired 749 gold pieces
  2768 | D:1      | Bought a +4 ring of evasion for 360 gold pieces
  2768 | D:1      | Bought a +4 ring of protection for 360 gold pieces
  3120 | D:4      | Reached skill level 4 in Axes
  3153 | D:4      | Identified the +6 war axe "Killer Klown's Death" {venom,
                  | +Rage Int+3}
  3189 | D:4      | Reached XP level 6. HP: 19/43 MP: 6/6
  3607 | D:4      | Found Sobriwi's Magic Scroll Shoppe.
  3618 | D:4      | Bought a scroll of teleportation for 33 gold pieces
  3625 | D:4      | Noticed Menkaure
  3782 | D:5      | Entered Level 5 of the Dungeon
  3820 | D:5      | Noticed a sky beast
  3873 | D:5      | Reached skill level 5 in Axes
  3873 | D:5      | Reached XP level 7. HP: 11/49 MP: 7/7
  3874 | D:5      | HP: 2/49 [something (2)]
  3874 | D:5      | Slain by a sky beast

Illustrated notes

Levels and vault maps discovered:
D:1:      dpeg_arrival_caged_fury, layout_basic, serial_shops,
          nicolae_shop_waterfront
D:2:      layout_loops_cross
D:3:      layout_basic, hellmonk_ecumenical_altar_watching_god,
          minmay_misc_feat_encased, minmay_misc_feat_nine_boxes
D:4:      layout_loops_corners, serial_shops, nicolae_shop_stone,
          minmay_misc_feat_plants, solitary_fountain, uniq_menkaure
D:5:      layout_basic

Skill      XL: |  1  2  3  4  5  6 |
---------------+-------------------+-----
Axes           | 3 4 5 |  5.0
Fighting       | 4 |  4.3
Dodging        | 4 |  4.4
Shields        | 4 |  4.3

Action                   |  1- 3 |  4- 6 |  7- 9 || total
-------------------------+-------+-------+-------++-------
Melee: War axe           |    43 |    96 |     1 ||   140
       Tentacles         |     5 |    12 |     1 ||    18
       Constrict         |     8 |    15 |       ||    23
  Use: Potion            |     1 |     3 |     1 ||     5
       Scroll            |       |    10 |       ||    10
 Stab: Sleeping          |     2 |     6 |       ||     8
Armor: Skin              |     5 |    14 |       ||    19
Dodge: Dodged            |    24 |    49 |     1 ||    74
Block: Kite shield       |    25 |    39 |       ||    64

Table legend: (Time is in decaauts)
 A = Elapsed time spent in this place.
 B = Non-inter-level travel time spent in this place.
 C = Inter-level travel time spent in this place.
 D = Time resting spent in this place.
 E = Time spent auto-exploring this place.
 F = Levels seen in this place.
 G = Mean time per level.
                   A        B        C        D        E       F      G
               +--------+--------+--------+--------+--------+-----+--------+
         Total |   3952 |   3745 |    207 |    963 |   2281 |   5 |  790.4 |
       Dungeon |   3952 |   3745 |    207 |    963 |   2281 |   5 |  790.4 |
               +--------+--------+--------+--------+--------+-----+--------+

Top non-repeatable levels by time:
     D:1: 1239 daAuts
     D:3: 1019 daAuts
     D:2: 837 daAuts
     D:4: 760 daAuts
     D:5: 95 daAuts
